 Dungeon Crawl Stone Soup version 0.31-a0-750-gfe7b580527 (webtiles) character file.

Game seed: 15571334996475596754

16713 Aneyh the Fighter (level 12, -2/112 HPs)
             Began as a Tengu Monk on Sept 14, 2023.
             Was an Elder of Hepliaklqana.
             Slain by Urug
             ... wielding a +6 eveningstar
              (18 damage)
             ... on level 9 of the Dungeon.
             The game lasted 00:36:18 (12598 turns).

Aneyh the Fighter (Tengu Monk)                     Turns: 12598, Time: 00:36:20

Health: -2/112     AC:  7    Str: 16    XL:     12   Next: 40%
Magic:  21/22      EV: 20    Int: 12    God:    Hepliaklqana [****..]
Gold:   243        SH:  0    Dex: 18    Spells: 6/11 levels left

rFire   . . .        a - +7 hand axe of Prudence {drain, rElec Str-5 Int+3 Stlth+}
rCold   . . .        (no shield)
rNeg    . . .        B - +1 leather armour "Limeolu" {rElec Regen+ Int-2}
rPois   .            u - +0 hat
rElec   +            S - +0 cloak
rCorr   .            C - +0 pair of gloves
SInv    .            (boots unavailable)
Will    .....        X - amulet of regeneration Stlth
                     v - +6 ring of strength
HPRegen 1.98/turn    x - ring of magical power
MPRegen 0.18/turn

%: acrobat
@: berserking, flying, very quick
A: reduced essence, beak, talons 3, evasive flight, acrobatic
a: Renounce Religion, Recall Ancestor, Ancestor Identity, Transference, Idealise


You were on level 9 of the Dungeon.
You worshipped Hepliaklqana.
Hepliaklqana was greatly pleased with you.
You visited 3 branches of the dungeon, and saw 12 of its levels.
You visited the Abyss 1 time.

You collected 571 gold pieces.
You spent 328 gold pieces at shops.

Inventory:

Hand Weapons
 a - the +7 hand axe of Prudence (weapon) {drain, rElec Str-5 Int+3 Stlth+}
   (You found it on level 3 of the Dungeon)

   Str-5:     It affects your strength (-5).
   Int+3:     It affects your intelligence (+3).
   rElec:     It insulates you from electricity.
   Stlth+:    It makes you more stealthy.
 b - the +8 dagger of Neqamul {pain, Will+ Int+3}
   (You found it on level 3 of the Dungeon)

   Int+3:     It affects your intelligence (+3).
   Will+:     It increases your willpower.
 G - a +0 war axe
 W - a +5 morningstar of freezing
 Y - a +2 heavy spear
Missiles
 y - 22 poisoned darts
 P - 6 silver javelins
 T - 3 curare-tipped darts
Armour
 d - an orb of light
 i - a +0 plate armour
 t - a +0 ring mail of poison resistance
 u - a +0 hat (worn)
 B - the +1 leather armour "Limeolu" (worn) {rElec Regen+ Int-2}
   (You bought it in a shop on level 8 of the Dungeon)

   Int-2:     It affects your intelligence (-2).
   rElec:     It insulates you from electricity.
   Regen+:    It increases your rate of health regeneration.
 C - a +0 pair of gloves (worn)
 I - a +0 troll leather armour
 S - a +0 cloak (worn)
Jewellery
 f - a ring of magical power
 v - a +6 ring of strength (left hand)
 x - a ring of magical power (right hand)
 X - an amulet of regeneration (around neck)
 Z - a ring of resist corrosion
Wands
 E - a wand of roots (7)
 K - a wand of paralysis (9)
 L - a wand of flame (31)
Scrolls
 e - 2 scrolls of fear
 h - a scroll of acquirement {unknown}
 k - 3 scrolls of enchant weapon
 m - 3 scrolls of immolation
 p - 2 scrolls of silence
 q - 2 scrolls of enchant armour
 w - 5 scrolls of fog
 z - a scroll of poison
 A - 3 scrolls of revelation
 H - 2 scrolls of teleportation {unknown}
 J - 2 scrolls of amnesia
 M - a scroll of blinking
 Q - 3 scrolls of noise
 U - 2 scrolls of torment
Potions
 c - a potion of ambrosia
 g - 3 potions of enlightenment
 j - a potion of lignification
 l - a potion of magic {unknown}
 n - 2 potions of curing
 o - a potion of haste {unknown}
 r - a potion of cancellation
 s - 3 potions of attraction
 F - 2 potions of brilliance
 N - 2 potions of invisibility
 O - a potion of mutation {unknown}
 R - a potion of heal wounds {unknown}
 V - a potion of might {unknown}


   Skills:
 * Level 13.4 Fighting
 - Level 12.1 Axes
 - Level 7.0 Armour
 - Level 8.0 Dodging
 * Level 6.5 Summonings


You had 6 spell levels left.
You knew the following spells:

 Your Spells              Type           Power      Damage    Failure   Level
a - Wereblood             Tmut           0%         N/A       52%         2
b - Summon Guardian Gole  Hex/Summ       7%         N/A       30%         3

Your spell library contained the following spells:

 Spells                   Type           Power      Damage    Failure   Level
 Kiss of Death            Conj/Necr      0%         2d5       36%         1
 Necrotise                Necr           0%         1d4       36%         1
 Summon Ice Beast         Ice/Summ       7%         N/A       71%         4
 Confusing Touch          Hex            0%         N/A       75%         3
 Hailstorm                Conj/Ice       0%         3d3       75%         3
 Ozocubu's Armour         Ice            0%         N/A       75%         3
 Tukima's Dance           Hex            0%         N/A       75%         3
 Vampiric Draining        Necr           0%         2d6       75%         3
 Dispel Undead            Necr           0%         3d6       98%         4
 Olgreb's Toxic Radiance  Pois           0%         N/A       98%         4
 Passage of Golubria      Tloc           0%         N/A       98%         4
 Agony                    Necr           0%         N/A       100%        5
 Irradiate                Conj/Tmut      0%         3d11      100%        5
 Metabolic Englaciation   Hex/Ice        0%         N/A       100%        5
 Yara's Violent Unravell  Hex/Tmut       0%         3d3       100%        5
 Simulacrum               Ice/Necr       0%         N/A       100%        6
 Orb of Destruction       Conj           0%         9d5       100%        7
 Spellforged Servitor     Conj/Summ      3%         N/A       100%        7
 Discord                  Hex            0%         N/A       100%        8
 Ignition                 Fire           0%         3d3       100%        8


Dungeon Overview and Level Annotations

Branches:
Dungeon (10/15)            Temple (1/1) D:6            Lair (1/5) D:8
    Orc (0/2) D:10

Altars:
Ashenzari
Cheibriados
Dithmenos
Elyvilon
Fedhas
Gozag
Hepliaklqana
Kikubaaqudgha
Makhleb
Nemelex Xobeh
Okawaru
Qazlal
Ru
Sif Muna
Trog
Uskayaw
Vehumet
Wu Jian
Xom
Yredelemnul
Zin
The Shining One

Shops:
D:5 ?   D:8 [?:?(   D:9 *   D:10 (

Annotations:
D:9 Snorg, Urug
D:10 Amaemon


Innate Abilities, Weirdness & Mutations

Your life essence is reduced to manifest your ancestor. (-10% HP)
You have a beak for a mouth.
You have claws for feet.
Your magical flight helps you evade attacks. (EV +4)
You can magically evade attacks while moving or waiting.


Message History

HP restored.
You swap places.
There is a stone staircase leading down here.
As you open the door, it creaks loudly!
You fly downwards.
Level annotation: Amaemon, Snorg, Urug Snorg misses you.
Snorg completely misses you. Snorg barely misses you.
The yak gores Zoran but does no damage.
The yak misses you. Urug hits you with a +6 eveningstar. Snorg misses you.
Snorg claws you. Snorg completely misses you.
There is a stone staircase leading up, spattered with blood here.
You can't go down here!
Unknown command.
Urug hits you with a +6 eveningstar!!
Zoran blocks the yak's attack.
The yak gores you.
Zoran hits the yak with a +0 flail!
Snorg goes berserk!
You fly upwards.
There is a stone staircase leading down here.
Unknown command.
A red film seems to cover your vision as you go berserk!
You feel yourself moving faster!
You feel mighty! Urug closely misses you. Snorg completely misses you.
Snorg closely misses you. Snorg completely misses you.
Zoran blocks the yak's attack.
You barely miss Urug.
Urug is severely wounded.
You slash Snorg! Snorg misses you. Snorg claws you!! Snorg claws you!
Zoran hits the yak with a +0 flail.
Urug hits you with a +6 eveningstar!!
* * * LOW HITPOINT WARNING * * *
Zoran blocks the yak's attack.
You hit Urug but do no damage. You peck Urug, but do no damage.
Urug is severely wounded.
You slash Snorg! Snorg barely misses you. Snorg claws you but does no damage.
Snorg claws you!
* * * LOW HITPOINT WARNING * * *
You barely miss Urug. Your kick misses Urug.
Urug is severely wounded.
You slash Snorg! You drain Snorg.
Urug screams, "You are already dead."
Urug hits you with a +6 eveningstar!!
You die...
Urug says, "One more harpy dead."

.# #........# .#
#........# .#
#........# .########
#........#
........####........#
#.#####....'........#
#.# ######.....Y..#
#.# ######R### #.##
#..o@T# #..#
###'#######
##'########.........#
.......#..'.........#
.......#.##.|.......#
.......#..PPP.......#
.......'.PPPPP......#
.......##.P_PP......#
.......##PPP.P......#


You could see the friendly Zoran the knight, Snorg (berserk, drained), Urug and
a yak (ally target).

Vanquished Creatures
  Erolcha (D:9)
  3 death yaks
  Nergalle (Lair:1)
  3 cane toads (Lair:1)
  An orange demon (D:10)
  2 komodo dragons (Lair:1)
  A troll (D:9)
  A blink frog (D:8)
  7 hornets
  22 yaks
  A wyvern (D:8)
  A basilisk (Lair:1)
  Eustachio (D:3)
  A steam dragon (D:9)
  4 water moccasins
  3 orc warriors
  An ice beast (D:5)
  A black bear (D:5)
  5 ogres
  A centaur (D:10)
  2 phantoms
  A kobold brigand (D:9)
  3 bullfrogs
  2 scorpions
  A water moccasin zombie (D:5)
  3 wights
  A lava snake (D:9)
  A hound (D:6)
  2 iguanas
  5 orc priests
  2 sleepcaps
  4 orc wizards
  Natasha (twice) (D:3)
  Terence (D:2)
  2 hound zombies (D:5)
  9 gnolls
  A howler monkey skeleton (D:5)
  6 adders
  2 white imps (D:6)
  An ufetubus (D:4)
  A spectral adder (D:3)
  An adder skeleton (D:5)
  An adder zombie (D:5)
  6 worms
  3 dart slugs
  An adder simulacrum (D:3)
  29 orcs
  6 endoplasms
  8 giant cockroaches
  7 hobgoblins
  3 jackals (D:2)
  10 kobolds
  4 quokkas (D:1)
  9 ball pythons
  2 ball python skeletons (D:3)
  4 bats
  3 frilled lizards
  A giant cockroach zombie (D:3)
  5 goblins
  A quokka skeleton (D:3)
  7 rats
224 creatures vanquished.

Vanquished Creatures (collateral kills)
  3 death yaks
  A rime drake (Lair:1)
  A hornet (D:8)
  2 blink frogs (Lair:1)
  4 yaks
  A wraith (D:9)
  A gnoll sergeant (D:8)
  2 wights
  An orc priest (D:7)
  2 orc wizards
  4 orcs (D:7)
  A butterfly (D:6)
23 creatures vanquished.

Vanquished Creatures (others)
  2 yaks (Lair:1)
  6 knights
8 creatures vanquished.

Grand Total: 255 creatures vanquished

Notes
Turn   | Place    | Note
-------+----------+-------------------------------------------
     0 | D:1      | Aneyh the Tengu Monk began the quest for the Orb.
     0 | D:1      | Reached XP level 1. HP: 14/14 MP: 2/2
   134 | D:1      | Reached XP level 2. HP: 13/19 MP: 3/3
   291 | D:1      | Reached XP level 3. HP: 23/23 MP: 4/4
   997 | D:2      | Noticed Terence
  1026 | D:2      | Reached XP level 4. HP: 19/28 MP: 5/5
  1133 | D:2      | Reached skill level 5 in Axes
  1181 | D:2      | Found a faded altar of an unknown god.
  1317 | D:2      | Killed Terence
  1545 | D:2      | Reached XP level 5. HP: 32/32 MP: 6/6
  2026 | D:3      | Identified the +7 hand axe of Prudence {drain, rElec Str-5
                  | Int+3 Stlth+}
  2431 | D:3      | Noticed Natasha
  2435 | D:3      | Killed Natasha
  2436 | D:3      | Reached skill level 4 in Fighting
  2443 | D:3      | Reached XP level 6. HP: 38/38 MP: 7/7
  2450 | D:3      | Identified the +8 dagger of Neqamul {pain, Will+ Int+3}
  2474 | D:3      | Noticed Natasha
  2485 | D:3      | Killed Natasha
  2829 | D:4      | Noticed Eustachio
  3121 | D:3      | Killed Eustachio
  3122 | D:3      | Reached skill level 5 in Fighting
  3456 | D:4      | Gained mutation: Your magical flight helps you evade
                  | attacks. (EV +4) [Tengu growth]
  3456 | D:4      | Reached XP level 7. HP: 45/45 MP: 8/8
  3722 | D:4      | Reached skill level 6 in Fighting
  4062 | D:5      | Entered Level 5 of the Dungeon
  4189 | D:5      | Reached XP level 8. HP: 52/52 MP: 9/9
  4326 | D:5      | Learned a level 2 spell: Wereblood
  4710 | D:5      | Found Geisinawk's Magic Scroll Shop.
  5014 | D:6      | Reached skill level 7 in Fighting
  5307 | D:6      | Learned a level 3 spell: Summon Guardian Golem
  5337 | D:6      | Reached skill level 10 in Axes
  5378 | D:6      | Reached XP level 9. HP: 57/57 MP: 10/10
  5383 | D:6      | Found a staircase to the Ecumenical Temple.
  5396 | D:6      | Reached skill level 1 in Summonings
  5397 | Temple   | Entered the Ecumenical Temple
  5415 | Temple   | Became a worshipper of Hepliaklqana the Forgotten
  5415 | Temple   | Reached * piety under Hepliaklqana
  5415 | Temple   | Reached ** piety under Hepliaklqana
  5416 | Temple   | Remembered your ancestor Zoran as a knight
  5768 | D:7      | Noticed a hornet
  5778 | D:7      | Paralysed by a hornet for 2 turns
  5787 | D:7      | Killed a hornet
  6447 | D:8      | Found Ohoitups's Magic Scroll Boutique.
  6627 | D:8      | Found Lusurib's Antique Armour Boutique.
  6634 | D:8      | Bought a glimmering leather armour for 196 gold pieces
  6634 | D:8      | Identified the +1 leather armour "Limeolu" {rElec Regen+
                  | Int-2} (You bought it in a shop on level 8 of the Dungeon)
  6880 | D:8      | Noticed a death yak
  6882 | D:8      | Noticed a death yak
  6883 | D:8      | Found a staircase to the Lair.
  6883 | D:8      | Noticed a death yak
  6883 | D:8      | Noticed a death yak
  6883 | D:8      | Noticed a death yak
  6889 | D:8      | Noticed a death yak
  6916 | D:8      | Noticed a death yak
  6950 | D:8      | Found Ugid's Magic Scroll Emporium.
  6971 | D:8      | Noticed a hornet
  6979 | D:8      | Killed a hornet
  7054 | D:8      | Found Tyhacwirpho's Antique Weapon Shoppe.
  7103 | D:8      | Reached *** piety under Hepliaklqana
  7176 | D:8      | Noticed a death yak
  7628 | D:8      | Found Mahedir's Book Emporium.
  7706 | D:7      | Killed a death yak
  7707 | D:7      | Reached skill level 8 in Fighting
  7707 | D:7      | Reached XP level 10. HP: 50/57 MP: 11/11
  7726 | D:7      | Killed a death yak
  7727 | D:7      | Reached skill level 5 in Dodging
  7811 | D:6      | Killed a death yak
  7812 | D:6      | Reached skill level 9 in Fighting
  7918 | D:6      | Reached skill level 5 in Armour
  7994 | D:7      | Killed a death yak
  8069 | D:6      | Killed a death yak
  8070 | D:6      | Reached XP level 11. HP: 64/64 MP: 12/12
  8107 | D:6      | Killed a death yak
  8765 | Lair:1   | Entered Level 1 of the Lair of Beasts
  8789 | Lair:1   | Reached skill level 10 in Fighting
  9370 | Lair:1   | Paralysed by a hornet for 3 turns
  9406 | Lair:1   | Reached skill level 11 in Fighting
  9646 | Lair:1   | Noticed Nergalle
  9678 | Lair:1   | Killed Nergalle
 10079 | Lair:1   | Reached skill level 12 in Fighting
 10208 | Lair:1   | Reached skill level 5 in Summonings
 10236 | Lair:1   | Reached XP level 12. HP: 72/72 MP: 13/13
 10502 | D:5      | Bought a scroll of identify for 22 gold pieces
 10502 | D:5      | Bought a scroll of identify for 22 gold pieces
 10502 | D:5      | Bought a scroll of identify for 22 gold pieces
 10502 | D:5      | Bought a scroll of identify for 22 gold pieces
 10502 | D:5      | Bought a scroll of identify for 22 gold pieces
 10502 | D:5      | Bought a scroll of identify for 22 gold pieces
 10728 | D:9      | Found a blossoming altar of Fedhas.
 10802 | D:9      | Found Gelat's General Store.
 10853 | D:9      | Found a stormy altar of Qazlal.
 10857 | D:9      | Found a broken altar of Ashenzari.
 10878 | D:9      | Noticed Erolcha
 10882 | Abyss:2  | Cast into level 2 of the Abyss (Erolcha)
 10924 | Abyss:3  | Noticed a tentacled starspawn
 10936 | D:9      | Escaped the Abyss
 10952 | D:9      | Killed Erolcha
 11133 | D:9      | Reached skill level 13 in Fighting
 11153 | D:9      | Found a shimmering altar of Xom.
 11153 | D:9      | Found an opulent altar of Gozag.
 11157 | D:9      | Found a white marble altar of Elyvilon.
 11158 | D:9      | Found a basalt altar of Yredelemnul.
 11160 | D:9      | Found a burning altar of Makhleb.
 11160 | D:9      | Found a snail-covered altar of Cheibriados.
 11161 | D:9      | Found a bloodstained altar of Trog.
 11189 | D:9      | Reached **** piety under Hepliaklqana
 11680 | D:10     | Entered Level 10 of the Dungeon
 11680 | D:10     | Found Ibroq's Weapon Boutique.
 11687 | D:10     | Noticed Amaemon
 11687 | D:10     | Paralysed by Amaemon for 3 turns
 11761 | D:10     | Noticed Urug
 12545 | D:10     | Found a staircase to the Orcish Mines.
 12548 | D:10     | Noticed Snorg
 12598 | D:9      | Slain by Urug

Illustrated notes

Levels and vault maps discovered:
D:1:      dpeg_chamrin_arrival_tetris, layout_basic, minmay_split_cup_small
D:2:      layout_loops_ring, basic_ecumenical_altar, kennysheep_generic_room_14,
          uniq_terence
D:3:      layout_basic, chequers_serial_rivers_room_b, dilly_guarded_unrand_morg
D:4:      layout_gridville, st_stairs_5, uniq_eustachio
D:5:      layout_rooms, serial_undead, serial_undead_a, serial_undead_d,
          serial_undead_e, serial_undead_f, serial_shops, nicolae_shop_crystal
D:6:      layout_cave_pools, minmay_temple_entry_butterflies
D:7:      layout_rooms
D:8:      layout_basic, dpeg_lair_monsters, serial_shops,
          nicolae_shop_waterfront, shop, nicolae_shop_tiny_waterfront, shop,
          shop
D:9:      layout_roguey, nicolae_overflow_hallway_of_the_gods, fedhas_altar_3,
          serial_shops, nicolae_shop_waterfront, kennysheep_flooded_box,
          uniq_erolcha
D:10:     layout_cave_pools, orc_0_dummy, serial_shops,
          nicolae_shop_rolling_square, nicolae_shop_bloodbath_and_beyond,
          nicolae_shop_tiny_statue_garden, kennysheep_generic_room_4,
          uniq_amaemon, uniq_urug, uniq_snorg
Temple:   chequers_temple_sunken
Lair:1:   layout_cave_pods, dreamdust_wasp_nest, grunt_megastairs_2,
          serial_bayou_shore_b, serial_bayou_shore_b, uniq_nergalle

Skill      XL: |  1  2  3  4  5  6  7  8  9 10 11 12 |
---------------+-------------------------------------+-----
Dodging        | 4 6 8 |  8.0
Axes           | 4 5 6 8 10 12 | 12.1
Fighting       | 4 5 6 7 8 9 12 13 | 13.4
Summonings     | 3 5 6 |  6.5
Armour         | 2 6 7 |  7.0

Action                     |  1- 3 |  4- 6 |  7- 9 | 10-12 || total
---------------------------+-------+-------+-------+-------++-------
  Melee: Hand axe          |    22 |    51 |   167 |   261 ||   501
         Kick              |    16 |    23 |    52 |    95 ||   186
         Peck              |    10 |    17 |    35 |    69 ||   131
         Short sword       |    46 |    61 |       |       ||   107
         Punch             |       |     1 |     6 |     3 ||    10
         Spear             |       |       |       |     5 ||     5
   Cast: Wereblood         |       |       |     3 |       ||     3
         Summon Guardian G |       |       |       |    16 ||    16
 Invoke: Recall Ancestor   |       |       |     3 |     5 ||     8
         Ancestor Life: Kn |       |       |     1 |       ||     1
    Use: Scroll            |       |       |    13 |     8 ||    21
         Potion            |       |       |     3 |     4 ||     7
   Stab: Sleeping          |     3 |     7 |     6 |     1 ||    17
         Distracted        |       |       |       |     1 ||     1
 Armour: Robe              |    25 |    41 |    59 |       ||   125
         Leather armour    |       |       |    24 |   134 ||   158
         Skin              |       |       |       |    56 ||    56
  Dodge: Dodged            |    40 |    93 |   163 |   239 ||   535

Table legend: (Time is in decaauts)
 A = Elapsed time spent in this place.
 B = Non-inter-level travel time spent in this place.
 C = Inter-level travel time spent in this place.
 D = Time resting spent in this place.
 E = Time spent auto-exploring this place.
 F = Levels seen in this place.
 G = Mean time per level.
                   A        B        C        D        E       F      G
               +--------+--------+--------+--------+--------+-----+--------+
         Total |  12582 |  11983 |    599 |   3465 |   5261 |  14 |  898.7 |
       Dungeon |  10979 |  10426 |    553 |   3208 |   4629 |  10 | 1097.9 |
        Temple |     37 |     20 |     17 |      0 |      0 |   1 |   37.0 |
          Lair |   1511 |   1482 |     29 |    257 |    632 |   1 | 1511.0 |
         Abyss |     53 |     53 |      0 |      0 |      0 |   2 |   26.5 |
               +--------+--------+--------+--------+--------+-----+--------+

Top non-repeatable levels by time:
     D:9: 1590 daAuts
     D:8: 1541 daAuts
  Lair:1: 1511 daAuts
     D:7: 1504 daAuts
     D:3: 1478 daAuts
     D:4: 1043 daAuts
     D:6: 971 daAuts
     D:5: 940 daAuts
     D:1: 910 daAuts
     D:2: 749 daAuts
    D:10: 249 daAuts
  Temple: 37 daAuts
 Abyss:2: 31 daAuts
 Abyss:3: 21 daAuts
